TOP OF THE 1ST |
---|
Savannah Hogs batting - Pitching for Kenosha Kingfish : RHP Miguel Durán | Pitching: RHP Miguel Durán | | Batting: RHB Ramón Gómez | 0-0: Ball 1-0: Ground out 5-3 (Groundball, 56S) | Batting: RHB Pedro Zavala | 0-0: SINGLE (Flyball, 8RS) | Batting: RHB Pedro Javier | 0-0: Swinging Strike 0-1: Foul Ball, location: 2F 0-2: Ball 1-2: Ball 2-2: Foul Ball, location: 2F 2-2: SINGLE (Groundball, 34D) Pedro Zavala to second Runner from 2nd tries for 3rd, SAFE, throw made to third | Batting: RHB Rick Holman | 0-0: Called Strike 0-1: Ball 1-1: Fielders Choice at 2nd, 1-4 (Groundball, 15) | Batting: SHB Juan Soriano | 0-0: Ball 1-0: Called Strike 1-1: Ball 2-1: Fielders Choice at 2nd, 6-4 (Groundball, 6) | Top of the 1st over - 0 runs, 2 hits, 0 errors, 2 left on base; Savannah 0 - Kenosha 0 | BOTTOM OF THE 1ST |
---|
Kenosha Kingfish batting - Pitching for Savannah Hogs : RHP John Allen | Pitching: RHP John Allen | | Batting: LHB Justin McCoy | 0-0: Ball 1-0: Called Strike 1-1: Ball 2-1: Swinging Strike 2-2: Strikes out looking | Batting: RHB Warren Strathbogie | 0-0: Called Strike 0-1: Called Strike 0-2: Ball 1-2: Ball 2-2: Ground out 4-3 (Groundball, 4) | Batting: LHB Marvin MacGruder | 0-0: Ball 1-0: Ball 2-0: Swinging Strike 2-1: Called Strike 2-2: Ball 3-2: Ground out 5-3 (Groundball, 5) | Bottom of the 1st over - 0 runs, 0 hits, 0 errors, 0 left on base; Savannah 0 - Kenosha 0 | TOP OF THE 2ND |
---|
Savannah Hogs batting - Pitching for Kenosha Kingfish : RHP Miguel Durán | Batting: RHB Jorge Chávez | 0-0: Fly out, F7 (Flyball, 7LSF) | Batting: RHB Guillermo González | 0-0: Ball 1-0: SINGLE (Flyball, 78S) | Batting: LHB António Gutiérrez | 0-0: Ball 1-0: Ball 2-0: Ball 3-0: Called Strike 3-1: DOUBLE (Line Drive, 9D) Guillermo González to third Runner from 3rd tries for Home, SAFE, throw made at trailing runner, OUT at third! | Batting: RHB Júlio Contreras | 0-0: Called Strike 0-1: SINGLE (Flyball, 8RS) | Batting: RHB Ramón Gómez | 0-0: Ball 1-0: Called Strike 1-1: Ball 2-1: Called Strike 2-2: Strikes out looking | Top of the 2nd over - 1 run, 3 hits, 0 errors, 1 left on base; Savannah 1 - Kenosha 0 | BOTTOM OF THE 2ND |
---|
Kenosha Kingfish batting - Pitching for Savannah Hogs : RHP John Allen | Batting: RHB Rubén Hernández | 0-0: Ball 1-0: Swinging Strike 1-1: Ground out 1-3 (Groundball, 13S) | Batting: LHB Juan Rodríguez | 0-0: Swinging Strike 0-1: Ball 1-1: Ball 2-1: Foul Ball, location: 2F 2-2: Ball 3-2: Foul Ball, location: 2F 3-2: Foul Ball, location: 2F 3-2: Foul Ball, location: 2F 3-2: Strikes out swinging | Batting: RHB Pepe González | 0-0: Foul Ball, location: 2F 0-1: Swinging Strike 0-2: Foul Ball, location: 2F 0-2: Fly out, F9 (Flyball, 9S) | Bottom of the 2nd over - 0 runs, 0 hits, 0 errors, 0 left on base; Savannah 1 - Kenosha 0 | TOP OF THE 3RD |
---|
Savannah Hogs batting - Pitching for Kenosha Kingfish : RHP Miguel Durán | Batting: RHB Pedro Zavala | 0-0: Called Strike 0-1: Called Strike 0-2: Foul Ball, location: 2F 0-2: Strikes out swinging | Batting: RHB Pedro Javier | 0-0: Ground out 5-3 (Groundball, 56) | Batting: RHB Rick Holman | 0-0: Called Strike 0-1: Ball 1-1: Foul Ball, location: 2F 1-2: Strikes out swinging | Top of the 3rd over - 0 runs, 0 hits, 0 errors, 0 left on base; Savannah 1 - Kenosha 0 | BOTTOM OF THE 3RD |
---|
Kenosha Kingfish batting - Pitching for Savannah Hogs : RHP John Allen | Batting: SHB José Ayala | 0-0: SINGLE (Groundball, 56D) | Batting: RHB Ron Campbell | 0-0: Ball 1-0: Ball 2-0: Called Strike 2-1: Called Strike 2-2: Foul Ball, location: 2F 2-2: Strikes out swinging | Batting: LHB Josh Peterson | 0-0: Called Strike 0-1: Foul Ball, location: 2F 0-2: Strikes out swinging | Batting: LHB Justin McCoy | 0-0: Ball 1-0: Ball 2-0: Called Strike 2-1: Foul Ball, location: 2F 2-2: SINGLE (Line Drive, 4MD) José Ayala to second Runner from 2nd tries for 3rd, SAFE, throw made to third | Batting: RHB Warren Strathbogie | 0-0: SINGLE (Groundball, 56D) José Ayala scores Justin McCoy to second | Batting: LHB Marvin MacGruder | 0-0: Foul Ball, location: 2F 0-1: Foul Ball, location: 2F 0-2: Strikes out looking | Bottom of the 3rd over - 1 run, 3 hits, 0 errors, 2 left on base; Savannah 1 - Kenosha 1 | TOP OF THE 4TH |
---|
Savannah Hogs batting - Pitching for Kenosha Kingfish : RHP Miguel Durán | Batting: SHB Juan Soriano | 0-0: Ground out 6-3 (Groundball, 6M) | Batting: RHB Jorge Chávez | 0-0: Called Strike 0-1: Reached on error, E5 (Groundball, 5L) | Batting: RHB Guillermo González | 0-0: Foul Ball, location: 2F 0-1: Ball 1-1: Called Strike 1-2: Foul Ball, location: 2F 1-2: Foul Ball, location: 2F 1-2: Ball 2-2: SINGLE (Line Drive, 6) Jorge Chávez to third Runner from 3rd tries for Home, SAFE, no throw | Batting: LHB António Gutiérrez | 0-0: Ball 1-0: Foul Ball, location: 2F 1-1: Ball 2-1: Ball 3-1: Base on Balls Guillermo González to second | Batting: RHB Júlio Contreras | 0-0: Ball 1-0: Ball 2-0: Called Strike 2-1: Foul Ball, location: 2F 2-2: Strikes out looking | Batting: RHB Ramón Gómez | 0-0: Ball 1-0: Foul Ball, location: 2F 1-1: SINGLE (Line Drive, 56D) Guillermo González to third António Gutiérrez to second Runner from 3rd tries for Home, SAFE, no throw | Batting: RHB Pedro Zavala | 0-0: Called Strike 0-1: Called Strike 0-2: SINGLE (Line Drive, 6D) António Gutiérrez to third Ramón Gómez to second | Batting: RHB Pedro Javier | 0-0: Swinging Strike 0-1: Foul Ball, location: 2F 0-2: Ball 1-2: Ground out 5-3 (Groundball, 5S) | Top of the 4th over - 2 runs, 3 hits, 1 error, 3 left on base; Savannah 3 - Kenosha 1 | BOTTOM OF THE 4TH |
---|
Kenosha Kingfish batting - Pitching for Savannah Hogs : RHP John Allen | Batting: RHB Rubén Hernández | 0-0: Swinging Strike 0-1: Called Strike 0-2: Ground out 6-3 (Groundball, 6) | Batting: LHB Juan Rodríguez | 0-0: Ground out 3-1 (Groundball, 34) | Batting: RHB Pepe González | 0-0: Ball 1-0: Foul Ball, location: 2F 1-1: Called Strike 1-2: Ball 2-2: Foul Ball, location: 2F 2-2: Fly out, F3 (Line Drive, 3S) | Bottom of the 4th over - 0 runs, 0 hits, 0 errors, 0 left on base; Savannah 3 - Kenosha 1 | TOP OF THE 5TH |
---|
Savannah Hogs batting - Pitching for Kenosha Kingfish : RHP Miguel Durán | Batting: RHB Rick Holman | 0-0: Called Strike 0-1: Ball 1-1: Ground out 5-3 (Groundball, 56) | Batting: SHB Juan Soriano | 0-0: Swinging Strike 0-1: Ball 1-1: Called Strike 1-2: SOLO HOME RUN (Flyball, 7LD), Distance : 353 ft | Batting: RHB Jorge Chávez | 0-0: Ball 1-0: Called Strike 1-1: Swinging Strike 1-2: Ball 2-2: Ball 3-2: Base on Balls | Batting: RHB Guillermo González | 0-0: Called Strike 0-1: Called Strike 0-2: Foul Ball, location: 2F 0-2: Ball 1-2: Foul Ball, location: 2F 1-2: Ball 2-2: Strikes out swinging | Batting: LHB António Gutiérrez | 0-0: Called Strike Jorge Chávez steals 2nd base 0-1: Swinging Strike 0-2: Ball 1-2: Ball 2-2: Foul Ball, location: 2F 2-2: Ball 3-2: Foul Ball, location: 2F 3-2: Ground out 4-3 (Groundball, 4) | Top of the 5th over - 1 run, 1 hit, 0 errors, 1 left on base; Savannah 4 - Kenosha 1 | BOTTOM OF THE 5TH |
---|
Kenosha Kingfish batting - Pitching for Savannah Hogs : RHP John Allen | Batting: SHB José Ayala | 0-0: Ball 1-0: Foul Ball, location: 2F 1-1: Called Strike 1-2: Ball 2-2: Ball 3-2: DOUBLE (Line Drive, 78D) | Batting: RHB Ron Campbell | 0-0: Ground out 5-3 (Groundball, 5) | Batting: LHB Josh Peterson | 0-0: Called Strike 0-1: Ball 1-1: Foul Ball, location: 2F 1-2: Ball 2-2: Foul Ball, location: 2F 2-2: Foul Ball, location: 2F 2-2: Foul Ball, location: 2F 2-2: Ground out 6-3 (Groundball, 6M) José Ayala to third | Pitching: RHP Fernando Vázquez | | Batting: LHB Justin McCoy | 0-0: Ball 1-0: Ball 2-0: Called Strike 2-1: Foul Ball, location: 2F 2-2: Strikes out swinging | Bottom of the 5th over - 0 runs, 1 hit, 0 errors, 1 left on base; Savannah 4 - Kenosha 1 | TOP OF THE 6TH |
---|
Savannah Hogs batting - Pitching for Kenosha Kingfish : RHP Miguel Durán | Pitching: LHP José Carlos | | Batting: RHB Júlio Contreras | 0-0: Called Strike 0-1: Ball 1-1: Foul Ball, location: 2F 1-2: Ball 2-2: Strikes out swinging | Batting: RHB Ramón Gómez | 0-0: Ball 1-0: Ball 2-0: Ball 3-0: Called Strike 3-1: Base on Balls | Batting: RHB Pedro Zavala | 0-0: Called Strike 0-1: Foul Ball, location: 2F 0-2: Strikes out swinging | Batting: RHB Pedro Javier | 0-0: Ball Ramón Gómez steals 2nd base 1-0: Swinging Strike 1-1: Swinging Strike 1-2: DOUBLE (Line Drive, 9D) Ramón Gómez scores | Batting: RHB Rick Holman | 0-0: Fly out, F7 (Flyball, 78S) | Top of the 6th over - 1 run, 1 hit, 0 errors, 1 left on base; Savannah 5 - Kenosha 1 | BOTTOM OF THE 6TH |
---|
Kenosha Kingfish batting - Pitching for Savannah Hogs : RHP Fernando Vázquez | Batting: RHB Warren Strathbogie | 0-0: Ball 1-0: Called Strike 1-1: Ball 2-1: Ball 3-1: Base on Balls | Batting: LHB Marvin MacGruder | 0-0: Called Strike 0-1: Ball 1-1: Foul Ball, location: 2F 1-2: Ball 2-2: Ball 3-2: Ground out 6-3 (Groundball, 6) Warren Strathbogie to second | Batting: RHB Rubén Hernández | 0-0: Hit by Pitch | Batting: LHB Juan Rodríguez | 0-0: Ball 1-0: Foul Ball, location: 2F 1-1: DOUBLE (Line Drive, 9LM) Warren Strathbogie scores Rubén Hernández to third Runner from 3rd tries for Home, SAFE, no throw | Batting: RHB Pepe González | 0-0: Called Strike 0-1: Ball 1-1: Foul Ball, location: 2F 1-2: Ball 2-2: Ball 3-2: Base on Balls | Batting: SHB José Ayala | 0-0: Ball 1-0: Ball 2-0: DOUBLE (Line Drive, 89D) Juan Rodríguez scores Pepe González to third Runner from 3rd tries for Home, SAFE, throw made at trailing runner, OUT at third! | Batting: RHB Ron Campbell | 0-0: Foul Ball, location: 2F 0-1: Ball 1-1: Ball 2-1: Ball 3-1: SINGLE (Groundball, 56D) | Pitching: LHP Manuel Guel | | Batting: LHB Josh Peterson | 0-0: Ball 1-0: Foul Ball, location: 2F 1-1: Foul Ball, location: 2F 1-2: SINGLE (Groundball, 3S) (infield hit) Ron Campbell to second | Batting: LHB Justin McCoy | 0-0: Foul Ball, location: 2F 0-1: Swinging Strike 0-2: Strikes out swinging | Bottom of the 6th over - 4 runs, 4 hits, 0 errors, 2 left on base; Savannah 5 - Kenosha 5 | TOP OF THE 7TH |
---|
Savannah Hogs batting - Pitching for Kenosha Kingfish : LHP José Carlos | Batting: SHB Juan Soriano | 0-0: Ball 1-0: Ball 2-0: Fly out, F3 (Line Drive, 34) | Batting: RHB Jorge Chávez | 0-0: Called Strike 0-1: Foul Ball, location: 2F 0-2: Strikes out swinging | Batting: RHB Guillermo González | 0-0: Ball 1-0: Ground out 6-3 (Groundball, 6) | Top of the 7th over - 0 runs, 0 hits, 0 errors, 0 left on base; Savannah 5 - Kenosha 5 | BOTTOM OF THE 7TH |
---|
Kenosha Kingfish batting - Pitching for Savannah Hogs : LHP Manuel Guel | Pitching: LHP Ben Krieger | | Batting: RHB Warren Strathbogie | 0-0: Ball 1-0: SOLO HOME RUN (Flyball, 7LD), Distance : 347 ft | Batting: LHB Marvin MacGruder | 0-0: Called Strike 0-1: Ball 1-1: Ball 2-1: Foul Ball, location: 2F 2-2: Foul Ball, location: 2F 2-2: Ball 3-2: Fly out, F5 (Line Drive, 5S) | Batting: RHB Rubén Hernández | 0-0: Foul Ball, location: 2F 0-1: SINGLE (Line Drive, 4D) | Batting: LHB Juan Rodríguez | 0-0: Ball 1-0: Foul Ball, location: 2F 1-1: Swinging Strike 1-2: DOUBLE (Groundball, 3L) Rubén Hernández to third | Batting: RHB Pepe González | 0-0: Intentional Walk | Batting: SHB José Ayala | 0-0: Foul Ball, location: 2F 0-1: SINGLE (Groundball, 3D) Rubén Hernández scores Juan Rodríguez to third Pepe González to second | Batting: RHB Ron Campbell | 0-0: Foul Ball, location: 2F 0-1: Ball 1-1: Ball 2-1: Foul Ball, location: 2F 2-2: Strikes out swinging | Pinch Hitting: RHB Juan Escalante | 0-0: Ball 1-0: Fly out, F7 (Flyball, 7) | Bottom of the 7th over - 2 runs, 4 hits, 0 errors, 3 left on base; Savannah 5 - Kenosha 7 | TOP OF THE 8TH |
---|
Savannah Hogs batting - Pitching for Kenosha Kingfish : LHP José Carlos | Now at 3B: Juan Escalante | | Batting: LHB António Gutiérrez | 0-0: Ball 1-0: DOUBLE (Groundball, 3D) | Batting: RHB Júlio Contreras | 0-0: Fly out, F8 (Line Drive, 8RD) | Batting: RHB Ramón Gómez | 0-0: Foul Ball, location: 2F 0-1: Swinging Strike 0-2: Ball 1-2: Foul Ball, location: 2F 1-2: Strikes out looking | Batting: RHB Pedro Zavala | 0-0: Foul Ball, location: 2F 0-1: Ball 1-1: Foul Ball, location: 2F 1-2: Strikes out swinging | Top of the 8th over - 0 runs, 1 hit, 0 errors, 1 left on base; Savannah 5 - Kenosha 7 | BOTTOM OF THE 8TH |
---|
Kenosha Kingfish batting - Pitching for Savannah Hogs : LHP Ben Krieger | Pitching: RHP Leo Blackley | | Batting: LHB Justin McCoy | 0-0: Ball 1-0: Called Strike 1-1: Ball 2-1: Ball 3-1: Swinging Strike 3-2: Strikes out swinging | Batting: RHB Warren Strathbogie | 0-0: Foul Ball, location: 2F 0-1: Ball 1-1: Ball 2-1: Ball 3-1: Foul Ball, location: 2F 3-2: Fly out, F8 (Flyball, 8RXD) | Batting: LHB Marvin MacGruder | 0-0: Ball 1-0: Ball 2-0: Called Strike 2-1: Called Strike 2-2: Ball 3-2: Foul Ball, location: 2F 3-2: Base on Balls | Batting: RHB Rubén Hernández | 0-0: Called Strike 0-1: Ball 1-1: Fly out, F8 (Flyball, 89D) | Bottom of the 8th over - 0 runs, 0 hits, 0 errors, 1 left on base; Savannah 5 - Kenosha 7 | TOP OF THE 9TH |
---|
Savannah Hogs batting - Pitching for Kenosha Kingfish : LHP José Carlos | Batting: RHB Pedro Javier | 0-0: Ball 1-0: Ground out 4-3 (Groundball, 4M) | Batting: RHB Rick Holman | 0-0: Ball 1-0: Swinging Strike 1-1: Ball 2-1: Swinging Strike 2-2: Ground out 6-3 (Groundball, 56) | Batting: SHB Juan Soriano | 0-0: Ball 1-0: Ball 2-0: Swinging Strike 2-1: Ball 3-1: Foul Ball, location: 2F 3-2: Strikes out looking | Top of the 9th over - 0 runs, 0 hits, 0 errors, 0 left on base; Savannah 5 - Kenosha 7 | |